 Dungeon Crawl Stone Soup version 0.16-a0-3873-g452e4d5 (webtiles) character file.

10 PolkaDot the Caller (level 2, 0/20 HPs)
             Began as a Vampire Summoner on Feb 1, 2015.
             Was an Initiate of Ashenzari.
             Slain by a jackal (2 damage)
             ... on level 1 of the Dungeon.
             The game lasted 00:02:09 (419 turns).

PolkaDot the Caller (Vampire Summoner)               Turns: 419, Time: 00:02:09

Health: 0/20       AC:  2    Str:  7    XL:     2   Next: 10%
Magic:  0/4        EV: 12    Int: 17    God:    Ashenzari [......]
Gold:   66         SH:  0    Dex: 14    Spells: 1 memorised, 4 levels left

rFire  . . .     SeeInvis +     f - +0 short sword (curse)
rCold  . . .     Clarity  .     a - +0 robe
rNeg   . . .     SustAb   .     (no shield)
rPois  .         Gourm    .     (no helmet)
rElec  .         Spirit   .     (no cloak)
rCorr  .         Warding  .     (no gloves)
rMut   .         Stasis   .     (no boots)
MR     .....                    (no amulet)
Stlth  ++........               (no ring)
                                (no ring)

@: regenerating quickly, not resistant to hostile enchantments, unstealthy
A: bottle blood, fangs 3, see invisible, unbreathing
a: Renounce Religion


You were on level 1 of the Dungeon.
You worshipped Ashenzari.
Ashenzari was noncommittal.
You were full.

You visited 1 branch of the dungeon, and saw 1 of its levels.

You collected 66 gold pieces.

Inventory:

Hand weapons
 f - a cursed +0 short sword (weapon)
Armour
 a - a +0 robe (worn)
 i - a cursed +0 helmet
Scrolls
 d - 2 scrolls of identify {unknown}
 g - a scroll of curse armour
 h - a scroll of curse jewellery
Books
 b - a book of Callings

   Spells                             Type                      Level
   a - Summon Small Mammal            Summoning                    1
   b - Call Imp                       Summoning                    2
   c - Call Canine Familiar           Summoning                    3
   d - Summon Guardian Golem          Hexes/Summoning              4
   e - Summon Lightning Spire         Summoning/Air                4
   f - Summon Ice Beast               Ice/Summoning                4


   Skills:
 + Level 0.5 Fighting
 + Level 0.0 Short Blades
 - Level 2.1 Dodging
 - Level 3.0 Stealth
 - Level 2.0 Spellcasting
 * Level 4.4 Summonings


You had 4 spell levels left.
You knew the following spells:

 Your Spells              Type           Power        Failure   Level  Hunger
z - Summon Small Mammal   Summ           ###.         3%          1    #......


Dungeon Overview and Level Annotations

Branches:
Dungeon (1/15)

Altars:
Ashenzari

Annotations:
D:1 exclusion: door


Innate Abilities, Weirdness & Mutations

Your natural rate of healing is unusually fast.
You can bottle blood from corpses.
You have razor-sharp teeth.
You have supernaturally acute eyesight.
You can survive without breathing.


Message History

Your cursed +0 helmet falls away!
You feel fantastic!
Your bat barely misses the jackal.
The jackal closely misses you.
The jackal bites you but does no damage.
Drink which item? (? for menu, Esc to quit)
It was a potion of cure mutation.
It has a very clean taste.
The antennae on your head shrink away.
Your bat closely misses the jackal.
The jackal bites you.
* * * LOW HITPOINT WARNING * * *
Your bat barely misses the jackal.
The jackal bites you.
* * * LOW HITPOINT WARNING * * *
Your rat barely misses the jackal.
The jackal barely misses you.
Unknown command.
Your bat hits the jackal but does no damage.
The jackal barely misses you.
The kobold hits your rat but does no damage.
Your bat closely misses the jackal.
The jackal bites you but does no damage.
Your bat hits the jackal but does no damage.
The jackal bites you.
You die...

. ##.........# #
##......(...# #
............#
#####.######Kr###
....#.# ##.# ..[...#
##K.####
......#####....h.#####
......##.##..b.#h....##
...)รท..........h@....%#
.....##...#...........#
....##....#....#.....##
.#...#...##....#######
.#.#....###....#
.#.#.[........##
...###...####.#
..##....[# #.#
.##....#.## #.#


You could see 3 jackals, a kobold and a friendly bat.

Vanquished Creatures
  A ball python (D:1)
  A jackal (D:1)
  A kobold (D:1)
  A giant newt (D:1)
  A goblin (D:1)
  3 rats (D:1)
8 creatures vanquished.

Vanquished Creatures (collateral kills)
  2 goblins (D:1)
  A kobold (D:1)
  A rat (D:1)
4 creatures vanquished.

Vanquished Creatures (others)
  A bat (D:1)
  A quokka (D:1)
  A rat (D:1)
3 creatures vanquished.

Grand Total: 15 creatures vanquished

Notes
Turn   | Place    | Note
--------------------------------------------------------------
     0 | D:1      | PolkaDot, the Vampire Summoner, began the quest for the Orb.
     0 | D:1      | Reached XP level 1. HP: 13/13 MP: 3/3
   260 | D:1      | Found a shattered altar of Ashenzari.
   278 | D:1      | Became a worshipper of Ashenzari the Shackled
   334 | D:1      | Reached XP level 2. HP: 20/20 MP: 4/4
   414 | D:1      | Gained mutation: You have a pair of small antennae on your head. [potion of beneficial mutation]
   415 | D:1      | Lost mutation: You have a pair of small antennae on your head. [potion of cure mutation]
   415 | D:1      | HP: 1/20 [jackal (3)]
   419 | D:1      | Slain by a jackal

Action                   || total
-------------------------++-------
Melee: Short sword       ||    22
       Unarmed           ||     4
 Cast: Summon Small Mamm ||     8
  Use: Potion            ||     3
       Scroll            ||     1
 Stab: Sleeping          ||     1
  Eat: Corpse            ||     3
